 Dungeon Crawl Stone Soup version 0.29.0 (webtiles) character file.

Game seed: 6715356646360962619

46 Dorkslayer the Trooper (level 3, -2/29 HPs)
             Began as a Demonspawn Fighter on Sept 15, 2022.
             Succumbed to a gnoll's poison
             ... on level 2 of the Dungeon.
             The game lasted 00:01:54 (963 turns).

Dorkslayer the Trooper (Demonspawn Fighter)          Turns: 963, Time: 00:01:54

Health: -2/29      AC: 11    Str: 18    XL:     3   Next: 46%
Magic:  3/3        EV:  5    Int:  9    God:
Gold:   62         SH:  4    Dex: 12    Spells: 2/2 levels left

rFire   . . .      SeeInvis .   a - +0 long sword
rCold   . . .      Faith    .   c - +0 buckler
rNeg    . . .      Spirit   .   i - +0 plate armour
rPois   .          Reflect  .   (no helmet)
rElec   .          Harm     .   (no cloak)
rCorr   .          Rampage  .   (no gloves)
Will    .....                   (no boots)
Stlth   ..........              h - amulet of magic regeneration
HPRegen 0.09/turn               (no ring)
MPRegen 0.48/turn               (no ring)

@: mighty, lethally poisoned (-2 -> -11)
A: claws 1
a: no special abilities


You were on level 2 of the Dungeon.
You visited 1 branch of the dungeon, and saw 2 of its levels.

You collected 62 gold pieces.

Inventory:

Hand Weapons
 a - a +0 long sword (weapon)
Armour
 c - a +0 buckler (worn)
 i - a +0 plate armour (worn)
Jewellery
 h - an amulet of magic regeneration (around neck)
Scrolls
 e - a scroll of identify {unknown}
 g - a scroll of fear {unknown}
 j - a scroll of vulnerability {unknown}
 k - a scroll of amnesia {unknown}
Potions
 b - a potion of curing {unknown}
 d - a potion of might
 f - a potion of attraction {unknown}


   Skills:
 * Level 3.5 Fighting
 + Level 2.1 Long Blades
 + Level 3.0 Armour
 * Level 0.9 Dodging
 + Level 3.0 Shields


You had 2 spell levels left.
You didn't know any spells.
Your spell library was empty.

Dungeon Overview and Level Annotations

Branches:
Dungeon (2/15)

Altars:


Innate Abilities, Weirdness & Mutations

You have sharp fingernails.


Message History

The jackal bites you but does no damage.
You feel very mighty all of a sudden.
The gnoll hits you from afar with a +0 spear!
* * * LOW HITPOINT WARNING * * *
The jackal barely misses you.
You barely miss the jackal.
The jackal is lightly wounded.
The jackal bites you but does no damage.
The gnoll hits you but does no damage. The jackal completely misses you.
The gnoll barely misses you.
You slash the jackal!
You kill the jackal!
You block the gnoll's attack. The gnoll hits you but does no damage.
Things that are here:
a +0 club; a scroll labelled DOMIXY IBUASMA You barely miss the gnoll.
You block the gnoll's attack. The gnoll hits you but does no damage.
You closely miss the gnoll. The gnoll hits you but does no damage.
You slash the gnoll!
The gnoll is almost dead.
The gnoll hits you but does no damage.
You barely miss the gnoll.
The gnoll is almost dead.
The gnoll hits you with a +0 spear.
* * * LOW HITPOINT WARNING * * *
The gnoll hits you with a +0 spear.
* * * LOW HITPOINT WARNING * * *
You slash the gnoll!
You kill the gnoll!
A gnoll comes into view. It is wielding a +0 spear.
Your Shields skill increases to level 3!
The gnoll shouts!
You slash the gnoll!
The gnoll is almost dead.
The gnoll hits you but does no damage.
You are lethally poisoned!
You slash the gnoll!
You kill the gnoll!
You die...

####...##### ###.#
########.##
..g....#..#####.##
..................
.g.....##g#####.##
######. #.# #. #)#
#. #@## #. #..# #.
##.# #. ..# #.# .#
.# .. .


You could see a gnoll.

Vanquished Creatures
  An adder (D:2)
  2 gnolls (D:2)
  A dart slug (D:1)
  3 endoplasms
  4 goblins
  3 hobgoblins
  2 jackals (D:2)
  2 ball pythons (D:1)
  3 bats (D:1)
  2 kobolds
  A rat (D:2)
24 creatures vanquished.

Notes
Turn   | Place    | Note
-------+----------+-------------------------------------------
     0 | D:1      | Dorkslayer the Demonspawn Fighter began the quest for the
                  | Orb.
     0 | D:1      | Reached XP level 1. HP: 18/18 MP: 1/1
   251 | D:1      | Gained mutation: You have sharp fingernails. [demonic
                  | ancestry]
   251 | D:1      | Reached XP level 2. HP: 24/24 MP: 2/2
   875 | D:2      | Reached XP level 3. HP: 29/29 MP: 3/3
   960 | D:2      | HP: 1/29 [gnoll/+0 spear (1)]
   963 | D:2      | Succumbed to a gnoll's poison

Illustrated notes

Levels and vault maps discovered:
D:1:      kilobyte_arrival_exit_the_forest, layout_basic,
          nicolae_figureground_pulse
D:2:      layout_basic, serial_shops, nicolae_shop_crystal,
          uniq_crazy_yiuf_cottage

Skill      XL: |  1  2  3 |
---------------+----------+-----
Long Blades    | 2 |  2.1
Armour         | 3 |  3.0
Shields        | 3 |  3.0
Fighting       | |  3.5
Dodging        | |  0.9

Action                   || total
-------------------------++-------
Melee: Long sword        ||    56
  Use: Potion            ||     1
Armor: Scale mail        ||    11
       Plate armour      ||    39
Dodge: Dodged            ||    16
Block: Buckler           ||    16
